 Dungeon Crawl Stone Soup version 0.15.0-31-geb66e34 (webtiles) character file.

95 DrPain the Sneak (level 4, -3/21 HPs)
             Began as a Spriggan Venom Mage on Sept 12, 2014.
             Slain by Sigmund
             ... wielding a +0 scythe
              (9 damage)
             ... on Level 2 of the Dungeon.
             The game lasted 00:08:47 (2695 turns).

DrPain the Sneak (Spriggan Venom Mage)              Turns: 2695, Time: 00:08:47

HP  -3/21        AC  3     Str  4      XL: 4   Next: 39%
MP   6/12        EV 20     Int 17      God:
Gold 155         SH  0     Dex 16      Spells:  1 memorised,  7 levels left

rFire  . . .     SeeInvis +     i - +0 dagger
rCold  . . .     Clarity  .     a - +0 robe
rNeg   . . .     rCorr    .     (shield restricted)
rPois  .         rRot     .     (helmet restricted)
rElec  .         Spirit   .     f - +0 cloak
SustAb .         Warding  .     (gloves unavailable)
rMut   .         Stasis   .     (boots unavailable)
Gourm  .                        (no amulet)
MR     .....                    (no ring)
                                (no ring)

@: very quick, not resistant to hostile enchantments, fairly stealthy
A: unfitting armour, see invisible, herbivore 3, speed 3, slow metabolism 2
a: no special abilities


You were on level 2 of the Dungeon.
You were not hungry.

You visited 1 branch of the dungeon, and saw 2 of its levels.

You collected 155 gold pieces.

Inventory:

Hand weapons
 i - a +0 dagger (weapon)
Missiles
 e - 5 curare-tipped needles
Armour
 a - a +0 robe (worn)
 f - a +0 cloak (worn)
Magical devices
 l - a wand of fireball (4) {unknown}
Comestibles
 g - a slice of pizza
 n - a bread ration
Scrolls
 h - 2 scrolls of identify {unknown}
 k - a scroll of amnesia {unknown}
 m - a scroll of immolation {unknown}
 o - 2 scrolls of teleportation {unknown}
 p - a scroll of fog {unknown}
 r - a scroll of fear {unknown}
 s - a scroll of noise {unknown}
Potions
 c - a potion of porridge
 d - 2 potions of curing
 j - a potion of restore abilities {unknown}
 q - a potion of agility {unknown}
Books
 b - a Young Poisoner's Handbook

   Spells                             Type                      Level
   *Sting                             Conjuration/Poison           1
   Cure Poison                        Poison                       2
   Mephitic Cloud                     Conjuration/Poison/Air       3
   Olgreb's Toxic Radiance            Poison                       4
   Venom Bolt                         Conjuration/Poison           5


   Skills:
 - Level 0.7 Short Blades
 - Level 5.1 Dodging
 - Level 5.5 Stealth
 + Level 2.6 Spellcasting
 + Level 4.0 Poison Magic


You had 7 spell levels left.
You knew the following spells:

 Your Spells              Type           Power        Failure   Level  Hunger
a - Sting                 Conj/Pois      #...         10%         1    #......


Dungeon Overview and Level Annotations

Branches:
Dungeon (2/15)

Altars:

Annotations:
D:2 Sigmund


Innate Abilities, Weirdness & Mutations

You are tiny and cannot use many weapons and most armour.
You have supernaturally acute eyesight.
You are a herbivore.
You cover ground extremely quickly.
You need consume almost no food.


Message History

Press: ? - help, Shift-Dir - straight line, f/p - Sigmund
Aim: Sigmund, wielding a scythe and wearing a robe (lightly wounded, poisoned, slightly transparent)
The sting hits Sigmund.
Sigmund is lightly wounded.
Sigmund gestures at you while chanting. The puff of flame hits you!
* * * LOW HITPOINT WARNING * * *
Casting: Sting
Confirm with . or Enter, or press ? or * to list all spells.
Aiming: Sting
Press: ? - help, Shift-Dir - straight line, f/p - Sigmund
Aim: Sigmund, wielding a scythe and wearing a robe (lightly wounded, poisoned, slightly transparent)
The sting hits Sigmund.
Sigmund looks even sicker.
Sigmund is lightly wounded.
Sigmund completely misses you.
You are too injured to fight recklessly!
There is a stone staircase leading up here.
You can't go down here!
Sigmund hits you with a scythe!
You die...

#.....# #.###..#.#
#. ###.### #.#
#..#.# #. #.# #.#
#..#.# #. #.#
######.###..#.#####.
#.#
#.............[.....
#.#
#.####.######.######
#.# # ####.## #.#
####
#.###.#.....#####.#
#...
#.#.#...@###<.....>#
#.#. #.###...@.#
#.####### #.#. ##
#<#....###.#####
#.#. .
##.#.........# #.##
#....######.# #.##
####.# #.# #.# .#
#(#####.## .#
#.##...... .
#.......##


You could see Sigmund (invisible).

Vanquished Creatures
  Ijyb (D:2)
  Terence (D:2)
  A giant mite (D:2)
  2 worms (D:2)
  A giant cockroach (D:2)
  10 goblins
  6 hobgoblins
  4 jackals (D:2)
  2 kobolds
  2 quokkas (D:2)
  2 ball pythons (D:2)
  6 bats
  2 giant newts (D:1)
  2 rats (D:1)
42 creatures vanquished.

Notes
Turn   | Place    | Note
--------------------------------------------------------------
     0 | D:1      | DrPain, the Spriggan Venom Mage, began the quest for the Orb.
     0 | D:1      | Reached XP level 1. HP: 9/9 MP: 4/4
   764 | D:1      | Reached XP level 2. HP: 13/13 MP: 5/7
  1198 | D:2      | Noticed Ijyb
  1615 | D:2      | Killed Ijyb
  1615 | D:2      | Reached skill level 5 in Stealth
  1615 | D:2      | Reached XP level 3. HP: 16/16 MP: 1/9
  2000 | D:2      | Noticed Terence
  2024 | D:2      | Killed Terence
  2101 | D:2      | Reached XP level 4. HP: 21/21 MP: 5/12
  2526 | D:2      | Reached skill level 5 in Dodging
  2541 | D:2      | Noticed Sigmund
  2695 | D:2      | Slain by Sigmund

Action                   |  1- 3 |  4- 6 || total
-------------------------+-------+-------++-------
Melee: Unarmed           |     2 |       ||     2
       Dagger            |    42 |    24 ||    66
 Cast: Sting             |    72 |    34 ||   106
